 Dungeon Crawl Stone Soup version 0.27-a0-1277-g3808f8b1c9 (webtiles) character file.

Game seed: 8984212134163371159

97 Gargoyl the Skirmisher (level 4, -3/41 HPs)
             Began as a Gnoll Abyssal Knight on June 12, 2021.
             Was a Believer of Lugonu.
             Killed from afar by Ijyb (13 damage)
             ... with a bolt of acid
             ... on level 3 of the Dungeon.
             The game lasted 00:02:28 (2138 turns).

Gargoyl the Skirmisher (Gnoll Abyssal Knight)       Turns: 2138, Time: 00:02:28

Health: -3/41      AC: 10    Str: 15    XL:     4   Next: 68%
Magic:  7/7        EV:  7    Int:  6    God:    Lugonu [**....]
Gold:   129        SH:  0    Dex: 12    Spells: 5/5 levels left

rFire    . . .     SeeInvis .   a - +1 hand axe
rCold    + . .     Faith    .   (no shield)
rNeg     . . .     Spirit   .   c - +0 chain mail
rPois    +         Reflect  .   (no helmet)
rElec    .         Harm     .   (no cloak)
rCorr    .         Rampage  .   (no gloves)
Will     .....                  b - +0 pair of boots "Qiocsugo" {rPois rC+ Str+3 Int-5}
Stlth    ..........             (no amulet)
HPRegen  0.13/turn              (no ring)
MPRegen  0.10/turn              (no ring)

@: no status effects
A: fangs 1, strong nose, distributed training
a: Renounce Religion, Depart the Abyss, Bend Space


You were on level 3 of the Dungeon.
You worshipped Lugonu.
Lugonu was pleased with you.
You visited 1 branch of the dungeon, and saw 3 of its levels.
You visited the Abyss 1 time.

You collected 129 gold pieces.

Inventory:

Hand Weapons
 a - a +1 hand axe (weapon)
Armour
 b - the +0 pair of boots "Qiocsugo" (worn) {rPois rC+ Str+3 Int-5}
   (You acquired it on level 2 of the Dungeon)

   It affects your strength (+3).
   It affects your intelligence (-5).
   It protects you from cold.
   It protects you from poison.
 c - a +0 chain mail (worn)
Jewellery
 e - a ring of fire
 g - a ring of ice
Scrolls
 j - 2 scrolls of identify {unknown}
Potions
 d - 2 potions of cancellation {unknown}
 f - a potion of heal wounds {unknown}
 h - a potion of mutation {unknown}
 i - a potion of flight {unknown}


   Skills:
 + Level 6.6 Fighting
 + Level 1.2 Short Blades
 + Level 1.2 Long Blades
 + Level 4.7 Axes
 + Level 1.2 Maces & Flails
 + Level 1.2 Polearms
 + Level 1.2 Staves
 + Level 1.2 Slings
 + Level 1.2 Bows
 + Level 1.2 Crossbows
 + Level 1.2 Throwing
 + Level 4.7 Armour
 + Level 2.8 Dodging
 + Level 1.2 Stealth
 + Level 1.2 Shields
 + Level 1.2 Unarmed Combat
 + Level 1.2 Spellcasting
 + Level 1.0 Conjurations
 + Level 1.0 Hexes
 + Level 1.0 Summonings
 + Level 1.0 Necromancy
 + Level 1.0 Translocations
 + Level 1.0 Transmutations
 + Level 1.0 Fire Magic
 + Level 1.0 Ice Magic
 + Level 1.0 Air Magic
 + Level 1.0 Earth Magic
 + Level 1.0 Poison Magic
 + Level 4.7 Invocations
 + Level 1.2 Evocations


You had 5 spell levels left.
You didn't know any spells.
Your spell library was empty.

Dungeon Overview and Level Annotations

Branches:
Dungeon (3/15)

Altars:

Shops:
D:2 (

Annotations:
D:3 Ijyb


Innate Abilities, Weirdness & Mutations

You have very sharp teeth.
Your uncanny sense of smell can sniff out nearby items.
Your experience applies equally to all skills.


Message History

Your Earth Magic skill increases to level 1!
Your Poison Magic skill increases to level 1!
Ijyb screams, "I cut your head off!"
The frilled lizard unfolds its giant frill.
Ijyb screams, "Die!"
The orc hits you but does no damage.
The orc wizard gestures wildly while chanting.
The orc wizard flickers and vanishes!
Deactivating autopickup; reactivate with Ctrl-A.
You see here a +0 ring mail.
Things that are here:
a +0 short sword; a stone An endoplasm comes into view.
The endoplasm quivers.
You hit the endoplasm but do no damage. You slash the orc!
You kill the orc!
Lugonu accepts your kill.
The endoplasm hits you but does no damage.
You slash the endoplasm!
You kill the endoplasm!
Lugonu accepts your kill.
A bat comes into view.
Unknown command.
You slash the bat!
You kill the bat!
Lugonu accepts your kill.
You hit the frilled lizard.
Ijyb zaps a wand.
The bolt of acid hits something!
Reactivating autopickup.
The bolt of acid hits the frilled lizard!!
The frilled lizard is splashed with acid.
The acid corrodes the frilled lizard!
The frilled lizard dies!
The bolt of acid hits you!
You are splashed with acid!
* * * LOW HITPOINT WARNING * * *
You see here a bat corpse.
Unknown command.
Okay, then.
Ijyb zaps a wand.
The bolt of acid misses you.
Ijyb zaps a wand.
The bolt of acid hits you!
You die...

#.....## # #.# #.#..l[l..g...
##.....##.# #.#####.#.##..###..#
........#.####...†.†)..##.......#
.................g##.####.......#
#.......#.#..####.##.# #.#######
..........#..####.##.. ..#
#..##.))#......##.#########
#.........#..#.##.#
#.##...###....<.@.#
..##.........######
.......###.### ##.....#.......#
#.....#.#.###.# #.....#.#.#
#.....# #.. #######∆##. [


You could see Ijyb.

Vanquished Creatures
  An orc priest (D:3)
  An adder (D:2)
  A dart slug (D:3)
  An orc (D:3)
  7 endoplasms
  2 giant cockroaches (D:1)
  8 goblins
  5 hobgoblins
  5 jackals (D:2)
  5 kobolds
  2 quokkas (D:1)
  2 ball pythons
  3 bats
  3 frilled lizards (D:1)
  3 rats
49 creatures vanquished.

Vanquished Creatures (others)
  An orc wizard (D:3)
  A frilled lizard (D:3)
2 creatures vanquished.

Grand Total: 51 creatures vanquished

Notes
Turn   | Place    | Note
-------+----------+-------------------------------------------
     0 | Abyss:1  | Gargoyl the Gnoll Abyssal Knight began the quest for the
                  | Orb.
     0 | Abyss:1  | Reached XP level 1. HP: 23/23 MP: 3/3
    93 | Abyss:1  | Noticed a starcursed mass
   108 | D:1      | Escaped the Abyss
   441 | D:1      | Reached * piety under Lugonu
   577 | D:1      | Reached XP level 2. HP: 23/29 MP: 5/5
   980 | D:1      | Reached XP level 3. HP: 16/35 MP: 6/6
  1288 | D:2      | Found Lamual's Antique Weapon Emporium.
  1506 | D:2      | Identified a scroll of acquirement
  1506 | D:2      | Acquired the +0 pair of boots "Qiocsugo" {rPois rC+ Str+3
                  | Int-5}
  1670 | D:2      | Reached skill level 1 in Short Blades
  1670 | D:2      | Reached skill level 1 in Long Blades
  1670 | D:2      | Reached skill level 1 in Maces & Flails
  1670 | D:2      | Reached skill level 1 in Polearms
  1670 | D:2      | Reached skill level 1 in Staves
  1670 | D:2      | Reached skill level 1 in Slings
  1670 | D:2      | Reached skill level 1 in Bows
  1670 | D:2      | Reached skill level 1 in Crossbows
  1670 | D:2      | Reached skill level 1 in Throwing
  1670 | D:2      | Reached skill level 1 in Stealth
  1670 | D:2      | Reached skill level 1 in Shields
  1670 | D:2      | Reached skill level 1 in Unarmed Combat
  1670 | D:2      | Reached skill level 1 in Spellcasting
  1670 | D:2      | Reached skill level 1 in Evocations
  1794 | D:2      | Reached ** piety under Lugonu
  1932 | D:3      | Reached XP level 4. HP: 40/41 MP: 7/7
  2093 | D:3      | Noticed Ijyb
  2098 | D:3      | Reached skill level 1 in Conjurations
  2098 | D:3      | Reached skill level 1 in Hexes
  2098 | D:3      | Reached skill level 1 in Summonings
  2098 | D:3      | Reached skill level 1 in Necromancy
  2098 | D:3      | Reached skill level 1 in Translocations
  2098 | D:3      | Reached skill level 1 in Transmutations
  2098 | D:3      | Reached skill level 1 in Fire Magic
  2098 | D:3      | Reached skill level 1 in Ice Magic
  2098 | D:3      | Reached skill level 1 in Air Magic
  2098 | D:3      | Reached skill level 1 in Earth Magic
  2098 | D:3      | Reached skill level 1 in Poison Magic
  2138 | D:3      | Killed from afar by Ijyb

Illustrated notes

Levels and vault maps discovered:
D:1:      tarquinn_simple_flora_water_b, layout_basic, minmay_three_crescents
D:2:      layout_basic, serial_shops, shop
D:3:      layout_loops_cross, nemelex_spade_bored_becter, uniq_ijyb,
          uniq_grinder

Skill      XL: |  1  2  3  4 |
---------------+-------------+-----
Short Blades   | 1 |  1.2
Long Blades    | 1 |  1.2
Maces & Flails | 1 |  1.2
Polearms       | 1 |  1.2
Staves         | 1 |  1.2
Slings         | 1 |  1.2
Bows           | 1 |  1.2
Crossbows      | 1 |  1.2
Throwing       | 1 |  1.2
Stealth        | 1 |  1.2
Shields        | 1 |  1.2
Unarmed Combat | 1 |  1.2
Spellcasting   | 1 |  1.2
Evocations     | 1 |  1.2
Conjurations   | 1 |  1.0
Hexes          | 1 |  1.0
Summonings     | 1 |  1.0
Necromancy     | 1 |  1.0
Translocations | 1 |  1.0
Transmutations | 1 |  1.0
Fire Magic     | 1 |  1.0
Ice Magic      | 1 |  1.0
Air Magic      | 1 |  1.0
Earth Magic    | 1 |  1.0
Poison Magic   | 1 |  1.0
Fighting       | |  6.6
Axes           | |  4.7
Armour         | |  4.7
Dodging        | |  2.8
Invocations    | |  4.7

Action                   |  1- 3 |  4- 6 || total
-------------------------+-------+-------++-------
Melee: Hand axe          |   108 |    22 ||   130
       Bite              |    10 |     2 ||    12
Invok: Depart the Abyss  |     1 |       ||     1
  Use: Scroll            |     3 |       ||     3
Armor: Chain mail        |   105 |    18 ||   123
Dodge: Dodged            |    39 |     7 ||    46

Table legend: (Time is in decaauts)
 A = Elapsed time spent in this place.
 B = Non-inter-level travel time spent in this place.
 C = Inter-level travel time spent in this place.
 D = Time resting spent in this place.
 E = Time spent auto-exploring this place.
 F = Levels seen in this place.
 G = Mean time per level.
                   A        B        C        D        E       F      G
               +--------+--------+--------+--------+--------+-----+--------+
         Total |   2147 |   2117 |     30 |      0 |   1754 |   4 |  536.8 |
       Dungeon |   2039 |   2009 |     30 |      0 |   1677 |   3 |  679.7 |
         Abyss |    108 |    108 |      0 |      0 |     77 |   1 |  108.0 |
               +--------+--------+--------+--------+--------+-----+--------+

Top non-repeatable levels by time:
     D:1: 1184 daAuts
     D:2: 583 daAuts
     D:3: 272 daAuts
 Abyss:1: 108 daAuts
